 Dungeon Crawl Stone Soup version 0.14.1-26-g5a19342 (webtiles) character file.

143 Kae the Insei (level 4, -1/35 HPs)
             Began as a Draconian Transmuter on July 24, 2014.
             Slain by an orc wizard
             ... wielding a +0,+0 dagger
              (5 damage)
             ... on Level 3 of the Dungeon.
             The game lasted 00:02:33 (2467 turns).

Kae the Insei (Draconian Transmuter)                Turns: 2467, Time: 00:02:33

HP  -1/35        AC  5     Str 12      XL: 4   Next: 26%
MP   7/7         EV 12     Int 13      God:
Gold 57          SH  0     Dex 13      Spells:  1 memorised,  6 levels left

rFire  . . .     SeeInvis .       - Unarmed
rCold  . . .     Clarity  .     (armour unavailable)
rNeg   . . .     Conserve .     (no shield)
rPois  .         rCorr    .     (helmet restricted)
rElec  .         rRot     .     (no cloak)
SustAb . .       Spirit   .     (no gloves)
rMut   .         Warding  .     (boots unavailable)
Saprov . . .     Stasis   .     (no amulet)
MR     .....                    (no ring)
                                (no ring)

@: appendage, not resistant to hostile enchantments, unstealthy
A: unfitting armour, talons 3, AC +5
a: End Transformation


You were on level 3 of the Dungeon.
You were not hungry.
You had grown temporary talons.
You visited 1 branch of the dungeon, and saw 3 of its levels.

You collected 57 gold pieces.

Inventory:

Missiles
 b - 12 arrows
 h - a throwing net (quivered)
Comestibles
 a - 2 bread rations
 f - a pear
 k - a meat ration
Scrolls
 e - a scroll of enchant weapon II {unknown}
 i - a scroll of immolation
 j - 2 scrolls of teleportation
Potions
 l - a potion of resistance {unknown}
Books
 d - a book of Changes

   Spells                             Type                      Level
   *Beastly Appendage                 Transmutation                1
   Sticks to Snakes                   Transmutation                2
   Spider Form                        Transmutation/Poison         3
   Ice Form                           Ice/Transmutation            4
   Blade Hands                        Transmutation                5


   Skills:
 - Level 1.1 Fighting
 - Level 1.7 Dodging
 * Level 4.6 Unarmed Combat
 - Level 2.0 Spellcasting
 + Level 3.0 Transmutations


You had 6 spell levels left.
You knew the following spells:

 Your Spells              Type           Power        Failure   Level  Hunger
a - Beastly Appendage     Trmt           #.....       10%         1    ##.....


Dungeon Overview and Level Annotations

Branches:
Dungeon (3/15)

Altars:


Innate Abilities, Weirdness & Mutations

Your plain brown scales are hard (AC +5).
Your body does not fit into most forms of armour.
Your cold-blooded metabolism reacts poorly to cold.
You have claws for feet.


Message History

The magic dart hits you!
You closely miss the orc wizard.
The orc wizard is heavily wounded.
The orc wizard hits you with a dagger. The orc hits you with a short sword.
The orc barely misses you.
You are too injured to fight recklessly!
You are too injured to fight recklessly!
You hit the orc wizard but do no damage.
You claw the orc wizard.
The orc wizard is severely wounded.
The orc wizard looks braver.
The orc barely misses you. The orc hits you with a club.
* * * LOW HITPOINT WARNING * * *
The orc wizard casts a spell at you. The magic dart hits you!
* * * LOW HITPOINT WARNING * * *
You barely miss the orc wizard.
The orc wizard is severely wounded.
The orc closely misses you. The orc wizard hits you with a dagger.
You die...

###.## .....?.
#.......
#.......#
#.......#
#.......#
#.o.....#
#@o.....#
#.o.....#
...............#
..............#
............>.#
......###.....#
....# #.... .##
#.. .


You could see an orc wizard and 2 orcs.

Vanquished Creatures
  Jessica (D:2)
  A gnoll (D:1)
  An adder (D:2)
  A worm (D:2)
  2 bats
  3 giant cockroaches
  10 hobgoblins
  An ooze (D:2)
  2 quokkas (D:2)
  2 ball pythons (D:2)
  2 giant newts (D:2)
  7 goblins
  5 kobolds
  5 rats
43 creatures vanquished.

Notes
Turn   | Place    | Note
--------------------------------------------------------------
     0 | D:1      | Kae, the Draconian Transmuter, began the quest for the Orb.
     0 | D:1      | Reached XP level 1. HP: 16/16 MP: 3/3
   232 | D:1      | Reached XP level 2. HP: 7/23 MP: 2/4
  1063 | D:1      | Reached skill level 4 in Unarmed Combat
  1063 | D:1      | Reached XP level 3. HP: 3/28 MP: 4/6
  1774 | D:2      | Noticed Jessica
  1784 | D:2      | Killed Jessica
  1921 | D:2      | Reached XP level 4. HP: 35/35 MP: 7/7
  2467 | D:3      | Slain by an orc wizard

Action                   |  1- 3 |  4- 6 || total
-------------------------+-------+-------++-------
Melee: Unarmed           |   117 |    23 ||   140
 Cast: Beastly Appendage |     6 |     7 ||    13
  Use: Potion            |     1 |     1 ||     2
       Scroll            |       |     5 ||     5
